AoeStats
← yazeed_niva

Black Forest

510627622Analyzed
2v2 RM · 1d ago on Oct 1, 2026· 78m 56s· 4 players
Game mode
Random Map
Map size
Medium (4 player)
Population
200
Speed
Normal
Resources
Standard
Victory
Conquest
Starting age
Dark Age
Ending age
Imperial Age
RankedLock teamsTeams togetherTeam positionsShared explorationLock speedFull tech treeHidden civsTurbo modeCheats
Victory
Defeat
🇺🇸 Celts · United States
474
+14
🇦🇷 Franks · Argentina
462
+14
🇨🇦 Inca · Canada
481
-16
🇯🇴 Gurjaras · Jordan
367
-12
bxndit-_-
0:31 Loom
13:42 Feudal Age
14:13 Double-Bit Axe
14:12 Horse Collar
17:03 Champi Runner
17:29 Arson
18:42 Town Watch
19:34 Wheelbarrow
19:27 Gold Mining
27:09 Stone Mining
30:09 Castle Age
29:05 Scale Mail Armor
29:16 Forging
29:07 Padded Archer Armor
28:58 Fletching
31:12 Bow Saw
31:07 Heavy Plow
32:00 Caravan
33:25 Gold Shaft Mining
33:31 Stone Shaft Mining
33:28 Hand Cart
35:00 Champi Warrior
35:01 Pikeman
35:42 Squires
35:46 Andean Sling
36:09 Chain Mail Armor
36:30 Iron Casting
35:51 Bodkin Arrow
36:12 Leather Archer Armor
36:16 Fortified Wall
36:03 Murder Holes
41:47 Masonry
41:18 Treadmill Crane
42:11 Ballistics
41:49 Guard Tower
42:05 Town Patrol
45:53 Imperial Age
45:57 Onager
47:14 Crop Rotation
47:50 Chemistry
46:57 Siege Engineers
46:38 Arrowslits
47:30 Keep
47:24 Conscription
46:33 Halberdier
49:47 Blast Furnace
49:18 Plate Mail Armor
49:34 Elite Champi Warrior
53:52 Fabric Shields
53:14 Elite Kamayuk
53:34 Capped Ram
55:21 Ring Archer Armor
61:25 Bracer
yazeed_niva
13:15 Feudal Age
19:07 Castle Age
28:27 Imperial Age
30:46 Elite Shrivamsha Rider
34:07 Chemistry
37:07 Husbandry
38:03 Herbal Medicine
40:41 Guard Tower
40:53 Guard Tower
48:30 Keep
Wizard
0:30 Loom
15:51 Feudal Age
15:56 Man-at-Arms
16:21 Arson
16:19 Horse Collar
16:28 Double-Bit Axe
17:06 Town Watch
18:01 Gold Mining
18:06 Stone Mining
23:11 Wheelbarrow
26:50 Castle Age
25:32 Fishing Lines
25:47 Fletching
25:58 Padded Archer Armor
28:21 Forging
28:12 Scale Mail Armor
29:23 Gillnets
29:36 Heavy Plow
30:15 Stone Shaft Mining
30:41 Gold Shaft Mining
30:26 Bodkin Arrow
32:12 Town Patrol
32:55 Iron Casting
31:50 Elite Skirmisher
32:19 Gambesons
32:19 Pikeman
34:27 Leather Archer Armor
33:51 Long Swordsman
36:00 Fortified Wall
36:36 Sanctity
36:27 Fervor
36:13 Herbal Medicine
36:39 Heresy
36:20 Devotion
36:02 Crossbowman
37:10 Ballistics
38:47 Masonry
38:29 Guard Tower
39:25 Murder Holes
40:30 Hand Cart
40:34 Chain Mail Armor
40:23 Caravan
40:56 Coinage
40:56 Heated Shot
41:35 Scale Barding Armor
42:39 Bow Saw
42:53 Chain Barding Armor
53:54 Imperial Age
51:19 Stronghold
54:04 Heavy Scorpion
54:58 Furor Celtica
55:24 Hoardings
54:20 Sappers
55:12 Conscription
55:56 Chemistry
54:41 Arrowslits
54:27 Halberdier
54:54 Two-Handed Swordsman
55:32 Capped Ram
57:49 Siege Engineers
58:21 Keep
59:09 Blast Furnace
58:41 Ring Archer Armor
58:43 Plate Mail Armor
58:47 Banking
58:31 Guilds
61:42 Shipwright
61:33 Clinker Construction
61:34 Careening
61:39 Champion
66:58 Carvel Hull
67:13 Dry Dock
67:21 Heavy Mounted Crossbowman
70:38 Elite Woad Raider
jube
0:34 Loom
15:01 Feudal Age
16:47 Wheelbarrow
16:03 Double-Bit Axe
18:29 Gold Mining
20:07 Stone Mining
20:01 Fishing Lines
25:52 Castle Age
24:03 Scale Barding Armor
24:09 Forging
24:04 Scale Mail Armor
26:27 Gillnets
26:52 Bow Saw
27:01 Hand Cart
27:27 Gold Shaft Mining
27:58 Husbandry
28:04 Caravan
28:27 Chain Barding Armor
32:16 Fortified Wall
32:27 Ballistics
33:32 Devotion
36:06 Imperial Age
34:19 Iron Casting
35:29 Chain Mail Armor
35:29 Town Watch
37:47 Chemistry
37:44 Plate Mail Armor
37:20 Chivalry
38:34 Town Patrol
38:38 Cavalier
40:30 Plate Barding Armor
41:20 Siege Engineers
41:01 Paladin
43:21 Blast Furnace
42:54 Conscription
42:51 Elite Throwing Axeman
43:58 Onager
78:22 Spies/Treason
Connection lost

Rejoining the realm…

Still unreachable

The connection could not be restored.

Session expired

The server has moved on; the page needs a fresh start.